 Dungeon Crawl Stone Soup version 0.18-a0-1312-gf98331d (webtiles) character file.

46 Kidiri the Insei (level 3, 0/29 HPs)
             Began as a Draconian Transmuter on Feb 14, 2016.
             Slain by Uberwunderbarhen's ghost (5 damage)
             ... on level 3 of the Dungeon.
             The game lasted 00:11:48 (1638 turns).

Kidiri the Insei (Draconian Transmuter)             Turns: 1638, Time: 00:11:48

Health: 0/29       AC:  6    Str: 12    XL:     3   Next: 46%
Magic:  6/6        EV:  7    Int: 13    God:
Gold:   60         SH:  0    Dex: 12    Spells: 2 memorised, 2 levels left

rFire  . . .     SeeInvis .       - Unarmed
rCold  . . .     Gourm    +     (armour unavailable)
rNeg   . . .     Faith    .     (no shield)
rPois  .         Spirit   .     (helmet restricted)
rElec  .         Dismiss  .     (no cloak)
rCorr  .         Reflect  .     (no gloves)
SustAt .         Harm     .     h - +0 pair of boots (curse)
MR     .....                    d - amulet of the gourmand
Stlth  +.........               (no ring)
                                o - +3 ring of slaying

@: not resistant to hostile enchantments, very unstealthy
A: unfitting armour, cold-blooded, AC +5
a: no special abilities


You were on level 3 of the Dungeon.
You were not hungry.

You visited 1 branch of the dungeon, and saw 3 of its levels.

You collected 60 gold pieces.

Inventory:

Missiles
 a - 20 arrows
 k - 53 stones (quivered)
Armour
 h - a cursed +0 pair of boots (worn)
Jewellery
 d - an amulet of the gourmand (around neck)
 m - an uncursed amulet of rage
 o - a +3 ring of slaying (left hand)
Scrolls
 e - a scroll of fog
Potions
 i - 2 potions of heal wounds {unknown}
 j - 2 potions of cancellation
 l - a potion of lignification
 n - 2 potions of might
Books
 b - a book of Changes

   Spells                             Type                      Level
   a - Beastly Appendage              Transmutation                1
   b - Sticks to Snakes               Transmutation                2
   c - Spider Form                    Transmutation/Poison         3
   d - Ice Form                       Ice/Transmutation            4
   e - Blade Hands                    Transmutation                5
Comestibles
 c - a bread ration
 f - 2 beef jerkies
 g - 2 meat rations


   Skills:
 * Level 2.1 Fighting
 + Level 0.3 Throwing
 * Level 2.1 Dodging
 + Level 0.6 Stealth
 * Level 3.1 Unarmed Combat
 * Level 2.3 Spellcasting
 + Level 2.2 Transmutations
 + Level 0.0 Poison Magic
 + Level 0.4 Evocations


You had 2 spell levels left.
You knew the following spells:

 Your Spells              Type           Power        Failure   Level  Hunger
a - Beastly Appendage     Trmt           #.....       12%         1    #......
b - Spider Form           Trmt/Pois      #.........   52%         3    ###....


Dungeon Overview and Level Annotations

Branches:
Dungeon (3/15)

Altars:
Makhleb

Annotations:
D:3 Uberwunderbarhen's ghost, amateur OpTm


Innate Abilities, Weirdness & Mutations

Your plain brown scales are hard (AC +5).
Your body does not fit into most forms of armour.
You are cold-blooded and may be slowed by cold attacks.


Message History

Uberwunderbarhen's ghost is severely damaged.
Uberwunderbarhen's ghost hits you.
* * * LOW HITPOINT WARNING * * *
You are too injured to fight recklessly!
Unknown command.
Unknown command.
Unknown command.
Drink which item? (? for menu, Esc to quit)
Okay, then.
Unknown command.
Unknown command.
Unknown command.
Unknown command.
Unknown command.
Drink which item? (? for menu, Esc to quit)
Okay, then.
Unknown command.
Unknown command.
Uberwunderbarhen's ghost hits you.
You die...

#+# #.#
#.# #.#
#.# #@#
#W# #r#
#######.#
#...r...#
#.#######
#.# #r#
#.#


You could see Uberwunderbarhen's ghost and a rat.

Vanquished Creatures
  3 giant geckos
  2 bats (D:2)
  A giant cockroach (D:3)
  8 hobgoblins
  4 jackals
  9 kobolds
  A giant newt (D:1)
  4 goblins (D:1)
  5 rats (D:1)
37 creatures vanquished.

Notes
Turn   | Place    | Note
--------------------------------------------------------------
     0 | D:1      | Kidiri the Draconian Transmuter began the quest for the Orb.
     0 | D:1      | Reached XP level 1. HP: 16/16 MP: 3/3
    40 | D:1      | Reached XP level 2. HP: 5/23 MP: 3/5
   747 | D:1      | Reached XP level 3. HP: 25/29 MP: 4/6
   752 | D:1      | Learned a level 3 spell: Spider Form
  1246 | D:2      | Found a burning altar of Makhleb.
  1487 | D:3      | Noticed Uberwunderbarhen's ghost (amateur OpTm)
  1638 | D:3      | Slain by Uberwunderbarhen's ghost

Vault maps used:
D:1:      minmay_arrival_diagonal_passages
D:2:      lemuel_crystal_altar
D:3:      cheibriados_altar_wand_db, first_bread, uniq_iyjb, uniq_jessica

Action                   || total
-------------------------++-------
Melee: Unarmed           ||   132
Throw: Stone             ||     2
 Cast: Beastly Appendage ||     8
  Use: Scroll            ||     4
 Stab: Distracted        ||     1
       Sleeping          ||     1
  Eat: Bread ration      ||     1
       Chunk             ||     1
